 Dungeon Crawl Stone Soup version 0.24.0-13-gcf9b3192b9 (webtiles) character file.

Game seed: 4586161055149418920, levelgen mode: deterministic

12583 Metae the Basher (level 11, -8/102 HPs)
             Began as a Minotaur Fighter on Nov 6, 2019.
             Was an Elder of Makhleb.
             Mangled by a warg (9 damage)
             ... led by an orc warlord
             ... while paralysed by an orc sorcerer
             ... on level 2 of the Orcish Mines on Nov 7, 2019.
             The game lasted 01:45:11 (12733 turns).

Metae the Basher (Minotaur Fighter)                Turns: 12733, Time: 01:45:11

Health: -8/102     AC: 18    Str: 25    XL:     11   Next: 64%
Magic:  16/16      EV:  2    Int:  5    God:    Makhleb [****..]
Gold:   931        SH:  0    Dex:  9    Spells: 10/10 levels left

rFire    . . .     SeeInvis .   a - +1 morningstar (drain)
rCold    . . .     Gourm    .   c - +0 shield
rNeg     . . .     Faith    .   I - +0 plate armour
rPois    .         Spirit   .   (helmet restricted)
rElec    .         Reflect  .   (no cloak)
rCorr    .         Harm     .   u - +0 pair of gloves
MR       .....                  p - +0 pair of boots
Stlth    ..........             (no amulet)
HPRegen  0.27/turn              w - ring of flight
MPRegen  0.15/turn              N - +3 ring of protection

@: paralysed, very slightly contaminated, hasted, drained, invisible
A: retaliatory headbutt, horns 2
a: Minor Destruction, Lesser Servant of Makhleb, Major Destruction, Renounce
Religion, Evoke Flight


You were on level 2 of the Orcish Mines.
You worshipped Makhleb.
Makhleb was greatly pleased with you.
You were hungry.

You visited 3 branches of the dungeon, and saw 14 of its levels.

You collected 931 gold pieces.

Inventory:

Hand Weapons
 a - a +1 morningstar of draining (weapon)
 b - a +0 hunting sling
 J - a +0 hand crossbow
 X - a +4 mace
Missiles
 e - 10 boomerangs
 r - 98 sling bullets
 v - 377 stones
 y - 7 silver boomerangs (quivered)
Armour
 c - a +0 shield (worn)
 h - a +0 ring mail of cold resistance
 n - a +1 chain mail of poison resistance
 p - a +0 pair of boots (worn)
 t - the cursed +0 ring mail "Bimo" {Dex+5}
   (You took it off an orc on level 11 of the Dungeon)

   It affects your dexterity (+5).
   It has a curse placed upon it.
 u - a +0 pair of gloves (worn)
 B - a +1 chain mail
 I - a +0 plate armour (worn)
 T - a +0 plate armour
Magical Staves
 O - an uncursed staff of poison
Jewellery
 w - a ring of flight (left hand)
 N - a +3 ring of protection (right hand)
Wands
 d - a wand of disintegration (5)
 g - a wand of paralysis (6)
 q - a wand of iceblast (5)
 A - a wand of enslavement (4)
 E - a wand of polymorph (20)
 S - a wand of acid (11)
Scrolls
 i - 6 scrolls of remove curse
 k - 3 scrolls of noise
 l - a scroll of magic mapping {unknown}
 m - 8 scrolls of identify
 o - a scroll of vulnerability
 C - a scroll of enchant weapon {unknown}
 H - a scroll of fog {unknown}
 L - 2 scrolls of amnesia
Potions
 j - a potion of flight
 s - 2 potions of brilliance
 z - 2 potions of cancellation
 D - 2 potions of agility
 K - 3 potions of lignification
 M - 3 potions of curing
 Q - a potion of might
Comestibles
 f - 10 rations


   Skills:
 - Level 11.3(10.0) Fighting
   Level 2.4(7.3) Axes
 + Level 12.4(11.1) Maces & Flails
 + Level 6.9(5.7) Armour
 - Level 3.6(2.5) Shields
 + Level 9.1(7.8) Invocations
 + Level 6.3(5.1) Evocations


You had 10 spell levels left.
You didn't know any spells.
Your spell library contained the following spells:

 Spells                   Type           Power        Failure   Level  Hunger
 Confusing Touch          Hex            #.....       100%        1    ##.....
 Corona                   Hex            #......      100%        1    ##.....
 Flame Tongue             Conj/Fire      #....        100%        1    ##.....
 Shock                    Conj/Air       #...         100%        1    ##.....
 Summon Butterflies       Summ           #.......     100%        1    ##.....
 Ensorcelled Hibernation  Hex/Ice        #.....       100%        2    ###....
 Poisonous Vapours        Pois/Air       #.....       100%        2    ###....
 Swiftness                Chrm/Air       #.......     100%        2    ###....
 Throw Flame              Conj/Fire      #.....       100%        2    ###....
 Confuse                  Hex            #.......     100%        3    ####...
 Conjure Flame            Conj/Fire      #.......     100%        3    ####...
 Dazzling Spray           Conj/Hex       #.....       100%        3    ####...
 Gell's Gravitas          Tloc           #.........   100%        3    ####...
 Inner Flame              Hex/Fire       #.......     100%        3    ####...
 Mephitic Cloud           Conj/Pois/Air  #.......     100%        3    ####...
 Static Discharge         Conj/Air       #.......     100%        3    ####...
 Tukima's Dance           Hex            #.......     100%        3    ####...
 Airstrike                Air            #.........   100%        4    #####..
 Petrify                  Tmut/Erth      #.......     100%        4    #####..
 Sticky Flame             Conj/Fire      #.......     100%        4    #####..
 Fireball                 Conj/Fire      #.........   100%        5    ######.
 Lightning Bolt           Conj/Air       #.........   100%        5    ######.
 Metabolic Englaciation   Hex/Ice        #.........   100%        5    ######.
 Yara's Violent Unravell  Hex/Tmut       #.........   100%        5    ######.
 Freezing Cloud           Conj/Ice/Air   #.........   100%        6    #######
 Ring of Flames           Chrm/Fire      #.........   100%        7    #######


Dungeon Overview and Level Annotations

Branches:
Dungeon (11/15)            Temple (1/1) D:6             Orc (2/2) D:11
    Elf (0/3) Orc:2
   Lair: D:8-11

Altars:
Ashenzari
Cheibriados
Dithmenos
Elyvilon
Fedhas
Gozag
Hepliaklqana
Kikubaaqudgha
Makhleb
Nemelex Xobeh
Okawaru
Qazlal
Ru
Sif Muna
Trog
Uskayaw
Vehumet
Wu Jian
Xom
Yredelemnul
Zin
The Shining One
Beogh

Shops:
D:8 ([

Portals:
Trove: D:10 (give horn of Geryon)

Annotations:
D:9 2 transporters, Ratty's ghost, novice DENe
Orc:2 Blork the orc; Urug


Innate Abilities, Weirdness & Mutations

You reflexively headbutt those who attack you in melee.
You have a pair of horns on your head.


Message History

You are very lightly contaminated with residual magic.
The orc sorcerer mumbles some strange words.
Things that are here:
a +1 flail of crushing; a +0 leather armour The neqoxec shouts!
The neqoxec shouts!
The neqoxec shouts!
The orc sorcerer casts a spell at you.
You suddenly lose the ability to move!
The orc sorcerer gestures wildly while chanting.
The warg bites you but does no damage. x2
The warg bites you but does no damage.
You are feeling hungry.
The warg bites you but does no damage. The warg bites you but does no damage.
Blork the orc no longer looks unusually strong.
The warg bites you!
* * * LOW HITPOINT WARNING * * *
The warg bites you!
You die...

#....#### ## ##.....#.
#.## ####.... ###...#
#.#.#. ###....# ####..
##......# ##. #......##
#.. ##.....### #..
#.....@o.## #####..
###....h3..### ##.##...
##.#.......o#.####....#..
#..........#4..##........
##.#.......#..##..o.....o
####........hoo)o(o)...(
#...........o)†.ooo..)
##..........3......o.)
##.##...>...........)


You could see an orc knight, a rust devil (wandering), a neqoxec, a warg, an orc
sorcerer, Blork the orc and 2 orc warriors.

Vanquished Creatures
  A vault guard (D:10)
  A cyclops (D:11)
  2 ugly things (D:11)
  A manticore (D:11)
  Maurice (D:8)
  4 slime creatures (D:11)
  3 hippogriffs
  3 yaks
  A shadow (D:11)
  A wraith (D:10)
  A human (D:8)
  A steam dragon (D:9)
  A hungry ghost (D:9)
  2 hornet zombies
  2 water moccasins
  Duvessa (D:7)
  8 orc warriors
  3 sky beasts
  A black bear (D:6)
  2 ice beasts
  A phantom (D:7)
  8 ogres
  11 centaurs (D:11)
  A crocodile (D:11)
  2 bullfrogs
  A wyvern zombie (D:11)
  Dowan (D:7)
  A wyvern skeleton (D:9)
  2 scorpions
  3 wights (D:10)
  11 killer bees
  4 howler monkeys
  3 crimson imps
  4 jellies
  2 centaur zombies
  A bullfrog skeleton (D:4)
  9 orc priests
  3 hounds
  2 centaur skeletons
  Terence (D:2)
  9 orc wizards
  3 iguanas
  9 worker ants
  2 worker ant zombies
  Robin (D:2)
  5 gnolls
  14 adders
  A howler monkey skeleton (D:11)
  4 shadow imps
  An adder zombie (D:8)
  An adder skeleton (D:4)
  2 worms
  5 leopard geckos
  53 orcs
  3 ball pythons
  7 giant cockroaches
  18 goblins
  11 hobgoblins
  8 jackals
  8 kobolds
  4 quokkas
  7 bats
  3 frilled lizards
  A quokka zombie (D:7)
  5 rats
296 creatures vanquished.

Vanquished Creatures (collateral kills)
  A two-headed ogre (D:11)
  A centaur zombie (D:11)
  An orc warrior (D:11)
  3 orcs (D:11)
6 creatures vanquished.

Grand Total: 302 creatures vanquished

Notes
Turn   | Place    | Note
-------+----------+-------------------------------------------
     0 | D:1      | Metae the Minotaur Fighter began the quest for the Orb.
     0 | D:1      | Reached XP level 1. HP: 19/19 MP: 0/0
   378 | D:1      | Reached XP level 2. HP: 28/28 MP: 1/1
  1045 | D:2      | Reached skill level 5 in Fighting
  1045 | D:2      | Reached XP level 3. HP: 31/36 MP: 2/2
  1368 | D:2      | Noticed Terence
  1378 | D:2      | Killed Terence
  1378 | D:2      | Reached XP level 4. HP: 44/44 MP: 3/3
  1452 | D:2      | Found a shimmering blue altar of Sif Muna.
  1452 | D:2      | Found an ancient bone altar of Kikubaaqudgha.
  1452 | D:2      | Noticed Robin
  1478 | D:2      | Killed Robin
  1478 | D:2      | Reached skill level 1 in Maces & Flails
  1506 | D:2      | Found a radiant altar of Vehumet.
  1511 | D:2      | Identified Sif Muna's Grimoire of Creation
  2309 | D:3      | Reached XP level 5. HP: 51/51 MP: 4/4
  2354 | D:3      | Reached skill level 2 in Maces & Flails
  2511 | D:3      | You fall into a shaft and drop 1 floor!
  2998 | D:4      | Reached skill level 3 in Maces & Flails
  3476 | D:4      | Noticed an ogre
  3484 | D:4      | Killed an ogre
  3484 | D:4      | Reached skill level 4 in Maces & Flails
  3484 | D:4      | Reached XP level 6. HP: 56/60 MP: 5/5
  3770 | D:5      | Entered Level 5 of the Dungeon
  3775 | D:5      | Found a blossoming altar of Fedhas.
  3883 | D:5      | Reached skill level 5 in Maces & Flails
  3883 | D:5      | Reached XP level 7. HP: 68/68 MP: 6/6
  4583 | D:6      | Reached skill level 6 in Maces & Flails
  4600 | D:6      | Found a staircase to the Ecumenical Temple.
  4626 | D:6      | Reached XP level 8. HP: 24/78 MP: 7/7
  4758 | Temple   | Entered the Ecumenical Temple
  5302 | Temple   | Became a worshipper of Makhleb the Destroyer
  5334 | D:6      | Reached skill level 7 in Maces & Flails
  5343 | D:6      | You fall into a shaft and drop 3 floors!
  5344 | D:9      | Found a shattered altar of Ashenzari.
  5355 | D:9      | Found an iron altar of Okawaru.
  5363 | D:9      | Reached skill level 1 in Invocations
  5375 | D:9      | Reached skill level 10 in Fighting
  5384 | D:9      | Reached skill level 8 in Maces & Flails
  5788 | D:8      | Found Qycwerus's Antique Weapon Boutique.
  5838 | D:7      | Reached XP level 9. HP: 86/86 MP: 10/10
  5948 | D:7      | Noticed Duvessa
  5957 | D:7      | Noticed Dowan
  5958 | D:7      | Killed Duvessa
  5961 | D:7      | Killed Dowan
  6108 | D:7      | Reached * piety under Makhleb
  6271 | D:7      | Reached skill level 9 in Maces & Flails
  6441 | D:6      | Found a snail-covered altar of Cheibriados.
  7129 | D:7      | Reached skill level 5 in Invocations
  7833 | D:8      | Found Nuogurph's Antique Armour Shoppe.
  8095 | D:8      | Reached ** piety under Makhleb
  8278 | D:8      | Noticed Maurice
  8282 | D:8      | Reached skill level 1 in Evocations
  8293 | D:8      | Killed Maurice
  8293 | D:8      | Reached skill level 10 in Maces & Flails
  8485 | D:8      | Reached XP level 10. HP: 61/96 MP: 13/13
  9026 | D:9      | Found a white marble altar of Elyvilon.
  9048 | D:9      | Found a bloodstained altar of Trog.
  9405 | D:9      | Found a transporter.
  9407 | D:9      | Noticed an orc high priest
  9407 | D:9      | Noticed Ratty's ghost (novice DENe)
  9409 | D:9      | Found a transporter.
  9748 | D:10     | Entered Level 10 of the Dungeon
  9846 | D:10     | Noticed a vault guard
  9855 | D:10     | Killed a vault guard
  9855 | D:10     | Reached skill level 11 in Maces & Flails
  9870 | D:10     | Found a portal to a secret trove of treasure.
 11154 | D:11     | Noticed a cyclops
 11162 | D:11     | Killed a cyclops
 11212 | D:11     | Reached *** piety under Makhleb
 11230 | D:11     | Paralysed by a centaur for 4 turns
 11242 | D:11     | Reached skill level 5 in Evocations
 11355 | D:11     | Noticed a cyan ugly thing
 11367 | D:11     | Killed a cyan ugly thing
 11367 | D:11     | Reached XP level 11. HP: 102/102 MP: 16/16
 11387 | D:11     | Identified the cursed +0 ring mail "Bimo" {Dex+5}
 11397 | D:11     | Reached skill level 5 in Armour
 11439 | D:11     | Noticed a brown ugly thing
 11487 | D:11     | Killed a brown ugly thing
 11487 | D:11     | Reached skill level 12 in Maces & Flails
 11525 | D:11     | Noticed a two-headed ogre
 11561 | D:11     | Killed a two-headed ogre
 12216 | D:11     | Reached **** piety under Makhleb
 12225 | D:11     | Found a shadowy altar of Dithmenos.
 12256 | D:11     | Found a roughly hewn altar of Beogh.
 12256 | D:11     | Found a staircase to the Orcish Mines.
 12269 | Orc:1    | Entered Level 1 of the Orcish Mines
 12502 | Orc:2    | Entered Level 2 of the Orcish Mines
 12575 | Orc:2    | Found a staircase to the Elven Halls.
 12697 | Orc:2    | Noticed Blork the orc
 12698 | Orc:2    | Noticed an orc sorcerer
 12701 | Orc:2    | Noticed Urug
 12702 | Orc:2    | Noticed an orc knight
 12726 | Orc:2    | Paralysed by an orc sorcerer for 7 turns
 12733 | Orc:2    | HP: 1/102 [warg[an orc warlord] (11)]
 12733 | Orc:2    | Mangled by a warg

Levels and vault maps discovered:
D:1:      lightli_arrival_quake, layout_basic
D:2:      cheibrodos_old_hovel, layout_basic,
          grunt_temple_overflow_magic_moments, first_ration,
          minmay_pentomino_r4, uniq_robin, uniq_terence
D:3:      layout_basic
D:4:      layout_basic
D:5:      layout_cave_pools, basic_altar
D:6:      layout_rooms, minmay_temple_entry_sparse_star, cheibriados_altar_1
D:7:      layout_gridville, enter_bailey_7, nrook_pool_corridor, uniq_duvessa
D:8:      layout_rooms, serial_shops, shop, shop_statue, grunt_pizzeria,
          corexii_leaking_fountain, uniq_maurice
D:9:      layout_grid_maze, nicolae_overflow_quartered_altars,
          gammafunk_ghost_arena
D:10:     layout_basic, enter_trove_5, statue_in_the_mist_lemuel
D:11:     layout_rooms, lair_entry_dummy, david_orc_5, grunt_dithmenos_smoke
Temple:   bh_familiar_temple
Orc:1:    layout_caves
Orc:2:    grunt_orc_cross, layout_diamond_mine

Skill      XL: |  1  2  3  4  5  6  7  8  9 10 11 |
---------------+----------------------------------+-----
Fighting       | 4 5 6 7 8 9 10 11 | 11.3
Maces & Flails | 1 4 5 6 8 10 11 12 | 12.4
Invocations    | 3 6 8 9 |  9.1
Evocations     | 2 5 6 |  6.3
Armour         | 4 6 |  6.9
Axes           | |  2.4
Shields        | |  3.6

Action                   |  1- 3 |  4- 6 |  7- 9 | 10-12 || total
-------------------------+-------+-------+-------+-------++-------
Melee: War axe           |    64 |     7 |       |       ||    71
       Headbutt          |    15 |    17 |    55 |    81 ||   168
       Morningstar       |       |   118 |   256 |   386 ||   760
       Hunting sling     |       |     1 |       |       ||     1
 Fire: Hunting sling     |       |    32 |    17 |     4 ||    53
Invok: Minor Destruction |       |       |       |     3 ||     3
       Lesser Servant of |       |       |       |     3 ||     3
       Major Destruction |       |       |       |     1 ||     1
Evoke: Wand              |     2 |       |       |     1 ||     3
  Use: Potion            |     1 |       |     4 |     5 ||    10
       Scroll            |     2 |     4 |     3 |     4 ||    13
  Eat: Chunk             |     2 |     4 |     5 |     4 ||    15
       Ration            |       |     1 |     3 |     4 ||     8
Armor: Scale mail        |    37 |    39 |       |       ||    76
       Chain mail        |       |    33 |   118 |       ||   151
       Plate armour      |       |       |    78 |   245 ||   323
Dodge: Dodged            |    17 |    44 |    66 |    59 ||   186
Block: Shield            |    25 |    76 |   168 |   208 ||   477
